 Dungeon Crawl Stone Soup version 0.20.1-1-g8b1a95d (webtiles) character file.

128 vatarom the Gusty (level 4, -4/49 HPs)
             Began as a Draconian Air Elementalist on Sept 10, 2017.
             Killed from afar by Chisa's ghost (12 damage)
             ... with a stone arrow
             ... on level 3 of the Dungeon.
             The game lasted 00:06:50 (2682 turns).

vatarom the Gusty (Draconian Air Elementalist)      Turns: 2682, Time: 00:06:52

Health: -4/49      AC:  5    Str: 16    XL:     4   Next: 87%
Magic:  6/7        EV: 12    Int: 16    God:
Gold:   187        SH:  0    Dex: 11    Spells: 1/7 levels left

rFire    . . .     SeeInvis .   e - +0 halberd
rCold    . . .     Gourm    .   (shield currently unavailable)
rNeg     . . .     Faith    .   (armour unavailable)
rPois    .         Spirit   .   (helmet restricted)
rElec    .         Reflect  .   (no cloak)
rCorr    .         Harm     .   (no gloves)
MR       .....                  (no boots)
Stlth    ..........             (no amulet)
Regen    0.2/turn               (no ring)
MPRegen  0.1/turn               (no ring)

@: berserking, lethally poisoned (-4 -> -17), very slightly contaminated, very
quick
A: unfitting armour, cold-blooded, AC +5
a: no special abilities


You were on level 3 of the Dungeon.
You were not hungry.

You visited 1 branch of the dungeon, and saw 3 of its levels.

You collected 187 gold pieces.

Inventory:

Hand Weapons
 e - a +0 halberd (weapon)
Scrolls
 f - 2 scrolls of identify
 g - 4 scrolls of remove curse
 j - a scroll of enchant armour {unknown}
Potions
 h - a potion of berserk rage
Books
 a - a book of Air

   Spells                             Type                      Level
   a - Shock                          Conjuration/Air              1
   b - Swiftness                      Charms/Air                   2
   c - Static Discharge               Conjuration/Air              3
   d - Airstrike                      Air                          4
   e - Lightning Bolt                 Conjuration/Air              5
Comestibles
 b - a bread ration
 c - a chunk of flesh
 d - a royal jelly
 i - a meat ration


   Skills:
 - Level 1.7 Dodging
 - Level 1.7 Stealth
 - Level 2.0 Spellcasting
 - Level 1.0 Conjurations
 + Level 5.6 Air Magic


You had one spell level left.
You knew the following spells:

 Your Spells              Type           Power        Failure   Level  Hunger
a - Shock                 Conj/Air       ##..         5%          1    #......
b - Swiftness             Chrm/Air       ##......     10%         2    ###....
c - Static Discharge      Conj/Air       ##......     16%         3    ###....


Dungeon Overview and Level Annotations

Branches:
Dungeon (3/15)

Altars:

Annotations:
D:3 Chisa's ghost, amateur GrEE


Innate Abilities, Weirdness & Mutations

Your plain brown scales are hard. (AC +5)
You cannot fit into any form of body armour.
You are cold-blooded and may be slowed by cold attacks.


Message History

A jackal comes into view.
You closely miss Chisa's ghost.
Chisa's ghost is lightly damaged.
The jackal barks!
Chisa's ghost hits you.
* * * LOW HITPOINT WARNING * * *
Chisa's ghost hits you but does no damage.
You are poisoned.
You closely miss Chisa's ghost.
Chisa's ghost is lightly damaged.
You feel sick. Chisa's ghost hits you.
* * * LOW HITPOINT WARNING * * *
You are lethally poisoned!
You barely miss Chisa's ghost.
Chisa's ghost is lightly damaged.
* * * LOW HITPOINT WARNING * * *
You feel sick.
Chisa's ghost gestures at you while chanting.
The stone arrow hits you!
You die... #...### #.....### #.......# #.w.##...# #.h.# #.. #whh#

. ##K##
#W# #. #@#
... #.#
#... #.#
#.... #.#
##... #.#
[..
#.####.#
#.##...#.#
#.##....>#
#....#####


You could see 2 worms, Chisa's ghost, 3 jackals and a kobold.

Vanquished Creatures
  A gnoll (D:1)
  4 adders
  2 oozes (D:1)
  2 worms (D:2)
  2 ball pythons (D:2)
  3 giant cockroaches
  6 goblins
  16 hobgoblins
  7 jackals
  4 kobolds
  7 bats
  3 frilled lizards (D:2)
  10 rats
  A fungus (D:1)
68 creatures vanquished.

Notes
Turn   | Place    | Note
-------+----------+-------------------------------------------
     0 | D:1      | vatarom the Draconian Air Elementalist began the quest for the Orb.
     0 | D:1      | Reached XP level 1. HP: 14/14 MP: 3/3
   183 | D:1      | Reached XP level 2. HP: 10/20 MP: 0/5
   240 | D:1      | Learned a level 2 spell: Swiftness
   510 | D:1      | Reached skill level 4 in Air Magic
   622 | D:1      | Reached XP level 3. HP: 20/26 MP: 0/6
   910 | D:1      | Learned a level 3 spell: Static Discharge
  1499 | D:2      | Reached XP level 4. HP: 18/33 MP: 1/7
  1573 | D:2      | Reached skill level 5 in Air Magic
  2668 | D:3      | Noticed Chisa's ghost (amateur GrEE)
  2682 | D:3      | Killed from afar by Chisa's ghost

Skill      XL: |  1  2  3  4 |
---------------+-------------+-----
Air Magic      | 4 5 |  5.6
Dodging        | |  1.7
Stealth        | |  1.7
Spellcasting   | |  2.0
Conjurations   | |  1.0

Action                   |  1- 3 |  4- 6 || total
-------------------------+-------+-------++-------
Melee: Unarmed           |    20 |       ||    20
       Tailslap          |     9 |    12 ||    21
       Halberd           |    47 |    69 ||   116
 Cast: Shock             |    47 |    30 ||    77
       Static Discharge  |     1 |     2 ||     3
  Use: Potion            |     2 |     1 ||     3
       Scroll            |     3 |       ||     3
 Stab: Sleeping          |     4 |     3 ||     7
       Distracted        |       |     1 ||     1
  Eat: Chunk             |     3 |     2 ||     5
       Meat ration       |       |     1 ||     1
Armor: Skin              |    36 |    23 ||    59
Dodge: Dodged            |    76 |    48 ||   124
